 Dungeon Crawl Stone Soup version 0.27-a0-3-gcf006a40f5 (webtiles) character file.

Game seed: 355048232961702010

82 sanka the Sneak (level 4, -2/21 HPs)
             Began as a Spriggan Enchanter on Jan 1, 2021.
             Slain by a worm (17 damage)
             ... on level 2 of the Dungeon.
             The game lasted 00:05:33 (3492 turns).

sanka the Sneak (Spriggan Enchanter)                Turns: 3492, Time: 00:05:33

Health: -2/21      AC:  2    Str:  4    XL:     4   Next: 21%
Magic:  9/9        EV: 18    Int: 16    God:
Gold:   182        SH:  0    Dex: 17    Spells: 5/8 levels left

rFire    . . .     SeeInvis +   a - +1 dagger
rCold    . . .     Faith    .   (shield restricted)
rNeg     . . .     Spirit   .   b - +0 robe
rPois    .         Reflect  .   (helmet restricted)
rElec    .         Harm     .   (no cloak)
rCorr    .         Rampage  .   (gloves unavailable)
Will     .....                  (boots unavailable)
Stlth    ++++......             k - amulet of inaccuracy (curse)
HPRegen  0.07/turn              (no ring)
MPRegen  0.11/turn              (no ring)

@: very quick
A: very small, unfitting armour, see invisible, speed 3
a: no special abilities


You were on level 2 of the Dungeon.
You visited 1 branch of the dungeon, and saw 2 of its levels.

You collected 182 gold pieces.


Innate Abilities, Weirdness & Mutations

You are very small and have problems with some larger weapons.
You are too small for most types of armour.
You have supernaturally acute eyesight. (SInv)
You cover ground extremely quickly.


   Skills:
 - Level 1.1 Short Blades
 - Level 3.0 Dodging
 + Level 7.9 Stealth
 - Level 2.6 Spellcasting
 - Level 3.6 Hexes


You had 5 spell levels left.
You knew the following spells:

 Your Spells              Type           Power        Failure   Level
z - Ensorcelled Hibernat  Hex/Ice        14%          14%         2
Z - Corona                Hex            14%          4%          1

Your spell library contained the following spells:

 Spells                   Type           Power        Failure   Level
 Slow                     Hex            13%          7%          2
 Confusing Touch          Hex            13%          13%         3
 Tukima's Dance           Hex            13%          13%         3
 Magic Dart               Conj           8%           19%         1
 Blink                    Tloc           N/A          28%         2
 Call Imp                 Summ           2%           28%         2
 Dazzling Flash           Conj/Hex       14%          28%         3
 Conjure Flame            Conj/Fire      2%           50%         3
 Mephitic Cloud           Conj/Pois/Air  2%           50%         3

Inventory:

Hand Weapons
 a - a +1 dagger (weapon)
Armour
 b - a +0 robe (worn)
Jewellery
 k - a cursed amulet of inaccuracy (around neck)
Scrolls
 d - a scroll of fear
 g - a scroll of magic mapping
 i - a scroll of remove curse {unknown}
 m - a scroll of enchant armour {unknown}
Potions
 c - a potion of might {unknown}
 e - 2 potions of curing {unknown}
 f - a potion of heal wounds {unknown}
 h - 2 potions of brilliance {unknown}
 j - a potion of ambrosia {unknown}
 l - a potion of degeneration {unknown}

Dungeon Overview and Level Annotations

Branches:
Dungeon (2/15)

Altars:
Trog

.....▒▒.▒ ▒▒..▒
..).....▒ ▒▒▒▒
.▒'▒▒▒▒▒▒ .▒.▒ .▒.▒
...▒ ...▒ ▒▒▒▒▒▒ ...▒
▒▒....▒▒▒ .▒.▒▒
▒▒....i..▒▒ ▒▒..▒
▒......w..▒ ▒..▒
▒....#...)▒░
▒..▒▒▒▒▒▒▒...###..))▒
▒.>..▒▒......#y#._..▒
▒▒.▒....▒▒...###...)▒
▒.▒.▒▒▒▒▒....#....▒▒
▒.▒.▒...▒.........▒
▒.▒.▒.▒.▒▒.......▒▒


You could see a moth of wrath and a worm (berserk).


Message History

The worm goes berserk!
You can't see any susceptible monsters within range! (Use Z to cast anyway.)
You start waiting.
A worm is nearby!
You open the door.
There is an open door here.
You see here a dagger.
Which direction?
You close the door.
You start waiting.
Done waiting.
You open the door.
There is an open door here.
A moth of wrath is nearby!
A moth of wrath is nearby!
No reachable target in view!
No reachable target in view!
You catch the helpless worm completely off-guard!
You puncture the worm!
The worm is almost dead.
The worm bites you.
The moth of wrath goads the worm on!
The worm goes berserk!
You can't see any susceptible monsters within range! (Use Z to cast anyway.)
You don't know that spell.
You hit the worm.
The worm is almost dead.
The worm bites you!
Ouch! That really hurt!
You die...

Action                   |  1- 3 |  4- 6 || total
-------------------------+-------+-------++-------
Melee: Dagger            |   138 |    11 ||   149
 Cast: Corona            |    14 |       ||    14
       Ensorcelled Hiber |    33 |     8 ||    41
  Use: Scroll            |     2 |       ||     2
 Stab: Sleeping          |    33 |     4 ||    37
       Distracted        |       |     1 ||     1
Armor: Robe              |    22 |       ||    22
Dodge: Dodged            |   145 |     5 ||   150

Levels and vault maps discovered:
D:1:      dpeg_arrival_concentric_ovals, layout_basic
D:2:      layout_basic, tgw_trog, hangedman_glass_teeth

Notes
Turn   | Place    | Note
-------+----------+-------------------------------------------
     0 | D:1      | sanka the Spriggan Enchanter began the quest for the Orb.
     0 | D:1      | Reached XP level 1. HP: 9/9 MP: 5/5
   135 | D:1      | Reached skill level 5 in Stealth
   460 | D:1      | Reached XP level 2. HP: 9/13 MP: 4/6
   542 | D:1      | Learned a level 2 spell: Ensorcelled Hibernation
   878 | D:1      | Reached skill level 6 in Stealth
  1571 | D:1      | Reached XP level 3. HP: 16/16 MP: 8/8
  1775 | D:2      | Reached skill level 7 in Stealth
  1977 | D:2      | Noticed a moth of wrath
  1980 | D:2      | Found a bloodstained altar of Trog.
  2541 | D:2      | Reached XP level 4. HP: 15/21 MP: 6/9
  2732 | D:2      | HP: 1/21 [worm (9)]
  3492 | D:2      | Slain by a worm

Vanquished Creatures
  2 adders (D:2)
  2 worms (D:2)
  A dart slug (D:1)
  2 leopard geckos
  8 bats
  A giant cockroach (D:2)
  2 hobgoblins (D:1)
  8 jackals
  5 kobolds
  A quokka (D:2)
  A ball python (D:2)
  2 frilled lizards (D:2)
  7 goblins
  11 rats
53 creatures vanquished.
